 Dungeon Crawl Stone Soup version 0.30-a0-722-g3e6e8c874d (webtiles) character file.

Game seed: 17391256684611054301

54 warriortoast the Trooper (level 3, 0/31 HPs)
             Began as a Barachi Fighter on Jan 27, 2023.
             Slain by Sigmund
             ... wielding a +0 scythe
              (10 damage)
             ... on level 2 of the Dungeon.
             The game lasted 00:01:41 (1003 turns).

warriortoast the Trooper (Barachi Fighter)          Turns: 1003, Time: 00:01:42

Health: 0/31       AC:  9    Str: 19    XL:     3   Next: 91%
Magic:  3/3        EV:  9    Int:  8    God:
Gold:   85         SH:  4    Dex: 11    Spells: 2/2 levels left

rFire   . . .      SeeInvis .    g - +1 war axe (flame)
rCold   . . .      Faith    .    c - +0 buckler
rNeg    . . .      Spirit   .    b - +0 scale mail
rPois   .          Reflect  .    m - +0 helmet
rElec   .          Harm     .    (no cloak)
rCorr   .          Rampage  .    (no gloves)
Will    .....                    i - +0 pair of boots Stlth
                                 (no amulet)
HPRegen 0.25/turn                (no ring)
MPRegen 0.08/turn                (no ring)

@: slow
A: amphibious, slowness 1, strong legs 1, +LOS
a: Hop


You were on level 2 of the Dungeon.
You visited 1 branch of the dungeon, and saw 2 of its levels.

You collected 85 gold pieces.

Inventory:

Hand Weapons
 a - a +0 war axe
 g - a +1 war axe of flaming (weapon)
Missiles
 n - 5 boomerangs (quivered)
Armour
 b - a +0 scale mail (worn)
 c - a +0 buckler (worn)
 i - a +0 pair of boots (worn)
 m - a +0 helmet (worn)
Scrolls
 h - a scroll of blinking {unknown}
 j - a scroll of butterflies {unknown}
 k - a scroll of magic mapping {unknown}
Potions
 d - a potion of might
 e - a potion of degeneration {unknown}
 f - a potion of curing {unknown}
 l - a potion of lignification {unknown}


   Skills:
 + Level 4.7 Fighting
 + Level 3.5 Axes
 - Level 3.6 Armour
 - Level 3.2 Shields


You had 2 spell levels left.
You didn't know any spells.
Your spell library was empty.

Dungeon Overview and Level Annotations

Branches:
Dungeon (2/15)

Altars:

Annotations:
D:2 Sigmund


Innate Abilities, Weirdness & Mutations

You are amphibious.
You cover ground slowly.
You can hop short distances.
You have an extended range of vision and can be seen from far away.


Message History

The frilled lizard bites you.
You barely miss the frilled lizard. The frilled lizard closely misses you.
You block the frilled lizard's attack.
You slash the frilled lizard! You burn the frilled lizard.
You kill the frilled lizard!
No target in view!
Found a stone staircase leading up.
Found a stone staircase leading down.
You now have 85 gold pieces (gained 7).
A rat comes into view.
Found a chain mail.
The rat twitches its whiskers.
You hit the rat. You burn the rat.
You kill the rat!
No target in view!
There is a stone staircase leading down here.
Found 5 boomerangs.
You see here 5 boomerangs.
n - 5 boomerangs Sigmund the Dreaded comes into view.
He is wielding a +0 scythe.
Sigmund shouts!
Sigmund gestures wildly while chanting.
Sigmund flickers and vanishes!
Deactivating autopickup; reactivate with Ctrl-A.
You block something's attack.
You slash something! You burn something.
You hear some strange, mumbled words.
Something tries to affect you, but you resist.
You hit something. You burn something. Something completely misses you.
You miss something.
You hear some strange, mumbled words.
A magic dart appears from out of thin air!
The magic dart hits you!
You barely miss something. Something hits you.
You miss something. Something hits you.
You barely miss something. You block something's attack.
You miss something. Something hits you!
* * * LOW HITPOINT WARNING * * *
You miss something. Something hits you!
You die...

#..##########..#.#
#..............#.###
#.###...............
#.. #.######..[.....
##.##.######.#.#.###
######...........#.#.#
...........#######.#..
####.....# .# ##
#.@#### .. #.{# #..#
#... ##.# ..# ... ...
...


There were no monsters in sight!

Vanquished Creatures
  Robin (D:2)
  A worm (D:1)
  A dart slug (D:1)
  A ball python (D:1)
  2 bats (D:1)
  2 endoplasms (D:1)
  A giant cockroach (D:1)
  13 goblins
  3 hobgoblins
  2 jackals (D:1)
  3 frilled lizards
  2 kobolds (D:1)
  2 rats
34 creatures vanquished.

Notes
Turn   | Place    | Note
-------+----------+-------------------------------------------
     0 | D:1      | warriortoast the Barachi Fighter began the quest for the
                  | Orb.
     0 | D:1      | Reached XP level 1. HP: 18/18 MP: 1/1
   194 | D:1      | Reached XP level 2. HP: 25/25 MP: 2/2
   268 | D:1      | Reached skill level 4 in Fighting
   705 | D:2      | Noticed Robin
   708 | D:1      | Reached XP level 3. HP: 31/31 MP: 3/3
   862 | D:2      | Killed Robin
   994 | D:2      | Noticed Sigmund
  1003 | D:2      | Slain by Sigmund

Illustrated notes

Levels and vault maps discovered:
D:1:      saegor_arrival_simple_c, layout_loops_ring,
          hangedman_abyss_or_decor_stabs
D:2:      layout_loops_ring, nicolae_ecumenical_lake_church, serial_shops,
          nicolae_shop_crystal, nicolae_square_shop, nicolae_shop_hallway_plus,
          shop_coins, uniq_sigmund, uniq_robin, uniq_terence

Skill      XL: |  1  2 |
---------------+-------+-----
Fighting       | 4 |  4.7
Axes           | 3 |  3.5
Armour         | |  3.6
Shields        | |  3.2

Action                     || total
---------------------------++-------
  Melee: War axe           ||    69
 Armour: Scale mail        ||    42
  Dodge: Dodged            ||    43
  Block: Buckler           ||    23

Table legend: (Time is in decaauts)
 A = Elapsed time spent in this place.
 B = Non-inter-level travel time spent in this place.
 C = Inter-level travel time spent in this place.
 D = Time resting spent in this place.
 E = Time spent auto-exploring this place.
 F = Levels seen in this place.
 G = Mean time per level.
                   A        B        C        D        E       F      G
               +--------+--------+--------+--------+--------+-----+--------+
         Total |   1177 |   1107 |     70 |    126 |    763 |   2 |  588.5 |
       Dungeon |   1177 |   1107 |     70 |    126 |    763 |   2 |  588.5 |
               +--------+--------+--------+--------+--------+-----+--------+

Top non-repeatable levels by time:
     D:1: 989 daAuts
     D:2: 187 daAuts
